AoeStats
← Flörider

Arabia

509693674Analyzed
1v1 RM · 6d ago on Sep 27, 2026· 43m 2s· 2 players
Game mode
Random Map
Map size
Tiny (2 player)
Population
200
Speed
Normal
Resources
Standard
Victory
Conquest
Starting age
Dark Age
Ending age
Imperial Age
RankedLock teamsTeams togetherTeam positionsShared explorationLock speedFull tech treeHidden civsTurbo modeCheats
Victory
Defeat
🇩🇪 Bulgarians · Germany
1128
+15
🇫🇷 Byzantines · France
1107
-15
Masterbifler
9:43 Feudal Age
10:31 Double-Bit Axe
10:41 Loom
13:00 Horse Collar
19:16 Castle Age
17:55 Gold Mining
21:51 Crossbowman
22:44 Light Cavalry
24:08 Fletching
26:11 Padded Archer Armor
27:57 Wheelbarrow
29:04 Thumb Ring
30:30 Bodkin Arrow
31:58 Hand Cart
31:52 Stone Mining
39:16 Imperial Age
37:34 Leather Archer Armor
37:30 Forging
37:23 Husbandry
40:55 Ballistics
42:11 Ring Archer Armor
42:43 Arbalester
Flörider
7:29 Loom
10:02 Feudal Age
11:16 Double-Bit Axe
11:55 Scale Mail Armor
14:38 Horse Collar
17:05 Padded Archer Armor
21:34 Castle Age
19:30 Fletching
21:23 Forging
22:44 Bow Saw
23:09 Chain Mail Armor
22:30 Pikeman
31:22 Wheelbarrow
37:03 Imperial Age
34:44 Scale Barding Armor
35:54 Arson
37:34 Bodkin Arrow
38:13 Conscription
38:42 Stirrups
38:18 Capped Ram
40:35 Chain Barding Armor
41:12 Bloodlines
40:53 Siege Ram
42:43 Husbandry
Connection lost

Rejoining the realm…

Still unreachable

The connection could not be restored.

Session expired

The server has moved on; the page needs a fresh start.